[Event "Charlotte Super Swiss"]
[Site "Charlotte USA"]
[Date "2023.07.10"]
[Round "3"]
[White "Vettese, Nicholas"]
[Black "Mitkov, Nikola"]
[Result "1-0"]
[ECO "C45"]
[WhiteElo "2272"]
[BlackElo "2447"]
[PlyCount "115"]
[GameId "2129404707628167"]
[EventDate "2023.07.09"]
[EventType "swiss"]
[EventRounds "9"]
[EventCountry "USA"]
[SourceTitle "10 Days #729"]
[Source "ChessMix"]
[SourceDate "2023.07.20"]
[SourceVersion "1"]
[SourceVersionDate "2023.07.20"]
[SourceQuality "1"]
[TimeControl "5400+30"]

1. e4 e5 2. Nf3 Nc6 3. d4 exd4 4. Nxd4 Bc5 5. Nb3 Bb6 6. Qe2 Nge7 7. Nc3 O-O 8. Be3 f5 9. O-O-O f4 10. Bxb6 axb6 11. Qd2 d6 12. a3 Ne5 13. f3 Kh8 14. Nd4 N7g6 15. Be2 c6 16. Nf5 Bxf5 17. exf5 Rxf5 18. Qxd6 Qxd6 19. Rxd6 Nh4 20. Na4 b5 21. Nc5 Nxg2 22. Nxb7 Rff8 23. Re6 Rfe8 24. Rxe8+ Rxe8 25. b3 Nh4 26. Rf1 g5 27. Nc5 Kg7 28. Kb2 Ra8 29. Nd3 Nd7 30. Ra1 Nb6 31. Nb4 Re8 32. Bd3 c5 33. Bxb5 Rc8 34. Nc6 Nxf3 35. h3 Kf6 36. a4 Nd5 37. a5 Nc7 38. Be2 Nh4 39. Bg4 Ra8 40. c3 Ra6 41. Nb8 Rd6 42. a6 Kg6 43. a7 h5 44. Bd7 f3 45. Bc6 Rd2+ 46. Ka3 Rd8 47. b4 cxb4+ 48. cxb4 f2 49. b5 Rd3+ 50. Kb4 Rd4+ 51. Ka5 Rd2 52. Kb6 Ra2 53. Rf1 Nxb5 54. Bxb5 g4 55. hxg4 hxg4 56. Na6 g3 57. a8=Q g2 58. Qe4+ 1-0

[Event "Charlotte Super Swiss"]
[Site "Charlotte USA"]
[Date "2023.07.11"]
[Round "4"]
[White "Zapata, Alonso"]
[Black "Vettese, Nicholas"]
[Result "1-0"]
[ECO "B88"]
[WhiteElo "2321"]
[BlackElo "2272"]
[PlyCount "69"]
[GameId "2129404707628192"]
[EventDate "2023.07.09"]
[EventType "swiss"]
[EventRounds "9"]
[EventCountry "USA"]
[SourceTitle "10 Days #729"]
[Source "ChessMix"]
[SourceDate "2023.07.20"]
[SourceVersion "1"]
[SourceVersionDate "2023.07.20"]
[SourceQuality "1"]
[TimeControl "5400+30"]

1. e4 c5 2. Nf3 d6 3. d4 cxd4 4. Nxd4 Nf6 5. Nc3 a6 6. Bc4 e6 7. O-O Qc7 8. Bb3 Nc6 9. Nxc6 bxc6 10. f4 d5 11. e5 Nd7 12. Na4 a5 13. Be3 c5 14. c4 d4 15. Bd2 g6 16. Bc2 Bb7 17. b3 Bg7 18. Qg4 h5 19. Qh3 Bh6 20. Rae1 O-O-O 21. Be4 Bxe4 22. Rxe4 Rdg8 23. Qh4 Qc6 24. Qe1 g5 25. f5 g4 26. fxe6 fxe6 27. Bxh6 Rxh6 28. Rf7 Qc7 29. Ref4 d3 30. Rxd7 Kxd7 31. Rf7+ Kc8 32. Rxc7+ Kxc7 33. Qxa5+ Kb8 34. Qb6+ Ka8 35. Qc7 1-0

[Event "CAN-ch"]
[Site "Guelph CAN"]
[Date "2015.07.11"]
[Round "2.6"]
[White "Vettese, Nicholas"]
[Black "Cao, Jason"]
[Result "0-1"]
[ECO "B80"]
[WhiteElo "2316"]
[BlackElo "2439"]
[PlyCount "56"]
[GameId "2160767738660388"]
[EventDate "2015.07.10"]
[EventType "swiss"]
[EventRounds "9"]
[EventCountry "CAN"]
[TimeControl "40/5400+30:1800+30"]

1. e4 c5 2. Nf3 d6 3. d4 cxd4 4. Nxd4 Nf6 5. Nc3 a6 6. Be3 e6 7. f3 b5 8. a3 Bb7 9. Qd2 Nbd7 10. g4 Nb6 11. O-O-O Nfd7 12. Qf2 Rc8 13. Kb1 Rxc3 14. bxc3 Na4 15. Ne2 Qc7 16. Bd4 Ne5 17. Bxe5 dxe5 18. c4 bxc4 19. Qe3 Bc5 20. Qc1 O-O 21. Ka2 Rb8 22. Qa1 Qa5 23. Qxe5 Rc8 24. Rb1 Bc6 25. Rb8 Rxb8 26. Qxb8+ Bf8 27. Qf4 c3 28. Nd4 Qc5 0-1

[Event "CAN-ch"]
[Site "Guelph CAN"]
[Date "2015.07.12"]
[Round "4.5"]
[White "Vettese, Nicholas"]
[Black "Preotu, Razvan"]
[Result "0-1"]
[ECO "B80"]
[WhiteElo "2306"]
[BlackElo "2636"]
[PlyCount "86"]
[GameId "2160767738660410"]
[EventDate "2015.07.10"]
[EventType "swiss"]
[EventRounds "9"]
[EventCountry "CAN"]
[TimeControl "40/5400+30:1800+30"]

1. e4 c5 2. Nf3 d6 3. d4 cxd4 4. Nxd4 Nf6 5. Nc3 a6 6. Be3 e6 7. f3 b5 8. Qd2 b4 9. Nce2 e5 10. Nb3 Nc6 11. c4 a5 12. a4 Be6 13. Ng3 Nd7 14. Bd3 Nc5 15. Nc1 b3 16. Bxc5 dxc5 17. Nge2 Nb4 18. Nc3 Nxd3+ 19. Qxd3 Qd4 20. Nb5 Qxd3 21. Nxd3 O-O-O 22. Nxe5 Kb7 23. Rc1 g6 24. Ke2 Bh6 25. Nd3 Bxc1 26. Rxc1 Kc6 27. Rc3 f6 28. Nf4 Rhe8 29. Nxe6 Rxe6 30. Rxb3 f5 31. Na7+ Kd6 32. Rb5 fxe4 33. f4 e3 34. Rxa5 Ke7 35. Rxc5 Rd2+ 36. Ke1 Rxb2 37. g3 Ra6 38. Rc7+ Kd8 39. Nb5 Rxa4 40. Ra7 Rxc4 41. Ra8+ Ke7 42. Ra7+ Kf6 43. Ra6+ Kg7 0-1

[Event "CAN-ch"]
[Site "Guelph CAN"]
[Date "2015.07.12"]
[Round "5.10"]
[White "Shi, Diwen"]
[Black "Vettese, Nicholas"]
[Result "0-1"]
[ECO "B92"]
[WhiteElo "2214"]
[BlackElo "2316"]
[PlyCount "60"]
[GameId "2160767738660426"]
[EventDate "2015.07.10"]
[EventType "swiss"]
[EventRounds "9"]
[EventCountry "CAN"]
[TimeControl "40/5400+30:1800+30"]

1. e4 c5 2. Nf3 d6 3. d4 cxd4 4. Nxd4 Nf6 5. Nc3 a6 6. Be2 e5 7. Nb3 Be6 8. f4 exf4 9. Bxf4 Nc6 10. Qd2 Ne5 11. O-O-O Rc8 12. Kb1 b5 13. a3 Be7 14. Nd5 Nxe4 15. Qe3 Bxd5 16. Rxd5 Nf6 17. Rd2 Qc7 18. Nd4 O-O 19. Nf5 Rfe8 20. Qg3 Bf8 21. Bf3 Nc4 22. Rf2 Kh8 23. Rd1 Qc5 24. Nd4 a5 25. Qg5 d5 26. Re2 Rxe2 27. Bxe2 Nxb2 28. Kxb2 Ne4 29. Nb3 Qxa3+ 30. Kb1 Nc3# 0-1

[Event "CAN-ch"]
[Site "Guelph CAN"]
[Date "2015.07.13"]
[Round "6.9"]
[White "Vettese, Nicholas"]
[Black "Yam, Alex"]
[Result "0-1"]
[ECO "B01"]
[WhiteElo "2316"]
[BlackElo "2384"]
[PlyCount "46"]
[GameId "2160767738660436"]
[EventDate "2015.07.10"]
[EventType "swiss"]
[EventRounds "9"]
[EventCountry "CAN"]
[TimeControl "40/5400+30:1800+30"]

1. e4 d5 2. exd5 Qxd5 3. Nc3 Qd6 4. d4 Nf6 5. Nge2 c6 6. Bf4 Qb4 7. a3 Qb6 8. Rb1 Bf5 9. Ng3 Bg6 10. h4 h6 11. h5 Bh7 12. Bc4 e6 13. O-O Be7 14. Re1 O-O 15. Nce4 Nbd7 16. Bb3 Rfd8 17. c4 Nxe4 18. Nxe4 Bxe4 19. Rxe4 Nf6 20. Re3 Rxd4 21. Qf3 Bd6 22. Bxh6 Ng4 23. Bg5 Qc5 0-1